 Dungeon Crawl Stone Soup version 0.30-a0-462-gd5975efbca (webtiles) character file.

Game seed: 4905678720316781438

3409 HoaS the Markstengu (level 10, -5/53 HPs)
             Began as a Tengu Hunter on Dec 16, 2022.
             Was an Initiate of Okawaru.
             Shot with an arrow by a centaur (14 damage)
             ... on level 8 of the Dungeon.
             The game lasted 00:10:47 (6398 turns).

HoaS the Markstengu (Tengu Hunter)                  Turns: 6398, Time: 00:10:48

Health: -5/53      AC:  4    Str: 12    XL:     10   Next: 4%
Magic:  12/12      EV: 14    Int: 10    God:    Okawaru [......]
Gold:   399        SH:  0    Dex: 21    Spells: 9/9 levels left

rFire   . . .      SeeInvis .    a - +2 shortbow (vorpal)
rCold   . . .      Faith    .    (shield currently unavailable)
rNeg    . . .      Spirit   .    c - +0 leather armour
rPois   .          Reflect  .    (helmet restricted)
rElec   .          Harm     .    s - +0 cloak
rCorr   +          Rampage  .    (no gloves)
Will    .....                    (boots unavailable)
Stlth   ++........               (no amulet)
HPRegen 0.28/turn                q - ring of resist corrosion
MPRegen 0.13/turn                (no ring)

@: flying quickly and evasively, studying Ranged Weapons, quick
A: beak, talons 3, nimble flight
a: Renounce Religion


You were on level 8 of the Dungeon.
You worshipped Okawaru.
Okawaru was noncommittal.
You visited 2 branches of the dungeon, and saw 9 of its levels.

You collected 399 gold pieces.

Inventory:

Hand Weapons
 a - a +2 vorpal shortbow (weapon)
Missiles
 w - a throwing net
Armour
 c - a +0 leather armour (worn)
 s - a +0 cloak (worn)
Jewellery
 q - a ring of resist corrosion (left hand)
Wands
 d - a wand of charming (17)
 v - a wand of digging (4)
Scrolls
 b - 3 scrolls of immolation
 f - 2 scrolls of vulnerability
 p - a scroll of teleportation
 r - a scroll of magic mapping
Potions
 e - a potion of berserk rage
 g - 2 potions of invisibility
 h - 5 potions of attraction
 i - 2 potions of lignification
 j - a potion of mutation
 k - a potion of heal wounds
 l - a potion of haste {unknown}
 n - a potion of curing
 o - 2 potions of brilliance
 t - a potion of cancellation {unknown}


   Skills:
 - Level 2.0 Fighting
 + Level 15.5 Ranged Weapons
 - Level 2.1 Dodging
 - Level 1.0 Stealth
 + Level 2.4 Invocations


You had 9 spell levels left.
You didn't know any spells.
Your spell library contained the following spells:

 Spells                   Type           Power      Damage    Failure   Level
 Apportation              Tloc           0%         N/A       43%         1
 Kiss of Death            Conj/Necr      0%         2d5       43%         1
 Magic Dart               Conj           0%         1d3       43%         1
 Cigotuvi's Dreadful Rot  Necr/Pois/Air  0%         N/A       58%         2
 Ensorcelled Hibernation  Hex/Ice        0%         N/A       58%         2
 Poisonous Vapours        Pois/Air       0%         N/A       58%         2
 Searing Ray              Conj           0%         2d4       58%         2
 Confusing Touch          Hex            0%         N/A       82%         3
 Gell's Gravitas          Tloc           0%         N/A       82%         3
 Lesser Beckoning         Tloc           0%         N/A       82%         3
 Mephitic Cloud           Conj/Pois/Air  0%         N/A       82%         3
 Spider Form              Tmut/Pois      0%         N/A       82%         3
 Teleport Other           Tloc           0%         N/A       82%         3
 Anguish                  Hex/Necr       0%         N/A       99%         4
 Dispel Undead            Necr           0%         3d6       99%         4
 Fulminant Prism          Conj/Hex       0%         3d5       99%         4
 Leda's Liquefaction      Hex/Erth       0%         N/A       99%         4
 Alistair's Intoxication  Tmut/Pois      0%         N/A       100%        5
 Lee's Rapid Deconstruct  Erth           0%         3d4*      100%        5
 Statue Form              Tmut/Erth      0%         N/A       100%        6
 Summon Small Mammal      Summ           Unusable   N/A       N/A         1
 Call Canine Familiar     Summ           Unusable   N/A       N/A         3
 Summon Guardian Golem    Hex/Summ       Unusable   N/A       N/A         3
 Malign Gateway           Summ/Tloc      Unusable   N/A       N/A         7
 Summon Horrible Things   Summ           Unusable   N/A       N/A         8

Dungeon Overview and Level Annotations

Branches:
Dungeon (8/15)             Temple (1/1) D:7
   Lair: D:8-11

Altars:
Ashenzari
Dithmenos
Elyvilon
Fedhas
Gozag
Hepliaklqana
Kikubaaqudgha
Nemelex Xobeh
Okawaru
Ru
Sif Muna
Uskayaw
Vehumet
Wu Jian
Xom
Yredelemnul
Zin
The Shining One

Shops:
D:4 (


Innate Abilities, Weirdness & Mutations

You have a beak for a mouth.
You have claws for feet.
Your magical nature lets you fly swiftly and evasively.


Message History

The wyvern is severely wounded.
The wyvern closely misses you. The wyvern completely misses you.
You shoot an arrow. The arrow hits the wyvern!
You kill the wyvern!
Okawaru accepts your kill.
Your Invocations skill increases to level 2!
No target in view!
You see here a wyvern corpse.
A centaur comes into view. It is wielding a +0 dagger.
A centaur is nearby!
A centaur is nearby!
You shoot an arrow. The centaur shouts!
The arrow hits the centaur but does no damage.
You shoot an arrow. The arrow hits the centaur.
The centaur is moderately wounded.
The centaur unwields a +0 dagger.
The centaur wields a +0 shortbow.
The centaur shoots an arrow.
The arrow hits you!
The centaur shoots an arrow.
The arrow hits you.
You hear an angry buzzing noise.
You are too injured to fight recklessly!
You are too injured to fight recklessly!
You are too injured to fight recklessly!
You are too injured to fight recklessly!
Fire: a) +2 shortbow (vorpal)
Press: ? - help, Q - select action, (/) - cycle Shift-Dir - straight line, f/p - centaur
Aim: a centaur, wielding a +0 shortbow, wearing a +0 animal skin and quivering stones (moderately wounded, 79% to hit)
You shoot an arrow.
The arrow hits the centaur but does no damage.
The centaur is moderately wounded.
The centaur shoots an arrow.
The arrow hits you!
You hear an angry buzzing noise.
Fire: a) +2 shortbow (vorpal)
Press: ? - help, Q - select action, (/) - cycle Shift-Dir - straight line, f/p - centaur
Aim: a centaur, wielding a +0 shortbow, wearing a +0 animal skin and quivering stones (moderately wounded, 79% to hit)
You shoot an arrow. The arrow barely misses the centaur.
The centaur shoots an arrow.
The arrow hits you.
* * * LOW HITPOINT WARNING * * *
The centaur shoots an arrow.
The arrow hits you!
You die...

#.# ....... #.# ...c...
#.# ........ #.#
......... #.###########.
....... ###.##.........
...:... .......# #..
##....... .......# #.#
#..# .......#####.###@##
......<..).....<.#
........................
#######....##########...
#....# #....# #....#
#....# #....#


You could see a centaur.

Vanquished Creatures
  Pikel (D:5)
  Joseph (D:8)
  A wyvern (D:8)
  2 water moccasins (D:6)
  2 ice beasts (D:7)
  3 sky beasts (D:6)
  3 black bears
  4 ogres
  4 lemures (D:5)
  A bullfrog (D:7)
  A kobold brigand (D:5)
  A scorpion (D:4)
  A gnoll sergeant (D:7)
  A necrophage (D:6)
  A howler monkey (D:4)
  An electric eel (D:6)
  2 hounds (D:5)
  A gnoll bouda (D:4)
  3 orc priests (D:7)
  5 jellies
  4 iguanas
  2 orc wizards (D:4)
  A statue (D:5)
  11 gnolls
  8 adders
  A shadow imp (D:5)
  An ufetubus (D:6)
  2 worms
  3 dart slugs
  22 orcs
  11 ball pythons
  12 endoplasms
  3 giant cockroaches
  6 goblins
  5 hobgoblins
  3 jackals (D:5)
  A quokka (D:1)
  5 bats
  4 frilled lizards
  21 kobolds
  4 rats
  A butterfly (D:7)
170 creatures vanquished.

Vanquished Creatures (others)
  A fungus (D:4)
  21 plants (D:6)
  9 toadstools (D:4)
31 creatures vanquished.

Grand Total: 201 creatures vanquished

Notes
Turn   | Place    | Note
-------+----------+-------------------------------------------
     0 | D:1      | HoaS the Tengu Hunter began the quest for the Orb.
     0 | D:1      | Reached XP level 1. HP: 12/12 MP: 2/2
    75 | D:1      | Reached XP level 2. HP: 17/17 MP: 3/3
    91 | D:1      | Reached skill level 5 in Ranged Weapons
   515 | D:2      | Reached XP level 3. HP: 21/21 MP: 4/4
   675 | D:2      | Identified the +2 rapier "Fuitixeg" {freeze, *Noise Fly
                  | rPois Str+4}
   757 | D:2      | Reached skill level 6 in Ranged Weapons
   848 | D:2      | Reached XP level 4. HP: 26/26 MP: 5/5
  1632 | D:3      | Noticed a black bear
  1639 | D:3      | Killed a black bear
  1640 | D:3      | Reached skill level 7 in Ranged Weapons
  1640 | D:3      | Gained mutation: Your magical nature lets you fly swiftly
                  | and evasively. [Tengu growth]
  1640 | D:3      | Reached XP level 5. HP: 6/30 MP: 6/6
  2212 | D:4      | Reached XP level 6. HP: 34/35 MP: 7/7
  2216 | D:4      | Reached skill level 8 in Ranged Weapons
  2522 | D:4      | Found Roufuagu's Weapon Emporium.
  2589 | D:4      | Reached XP level 7. HP: 40/40 MP: 8/8
  2604 | D:4      | Reached skill level 9 in Ranged Weapons
  2900 | D:4      | Found a glowing golden altar of the Shining One.
  3153 | D:5      | Entered Level 5 of the Dungeon
  3370 | D:5      | Reached skill level 10 in Ranged Weapons
  3445 | D:5      | Found a radiant altar of Vehumet.
  3591 | D:5      | Noticed Pikel
  3598 | D:5      | Killed Pikel
  3599 | D:5      | Reached skill level 11 in Ranged Weapons
  3599 | D:5      | Reached XP level 8. HP: 32/44 MP: 9/9
  3817 | D:5      | Reached skill level 12 in Ranged Weapons
  4387 | D:6      | Reached XP level 9. HP: 48/48 MP: 10/10
  4393 | D:6      | Reached skill level 13 in Ranged Weapons
  4747 | D:6      | Reached skill level 14 in Ranged Weapons
  5832 | D:7      | Found a staircase to the Ecumenical Temple.
  6178 | D:7      | Identified a scroll of acquirement
  6178 | D:7      | Acquired a manual of Ranged Weapons
  6210 | Temple   | Entered the Ecumenical Temple
  6301 | Temple   | Became a worshipper of Warmaster Okawaru
  6332 | D:8      | Noticed Joseph
  6343 | D:8      | Killed Joseph
  6344 | D:8      | Reached skill level 15 in Ranged Weapons
  6344 | D:8      | Reached skill level 1 in Invocations
  6344 | D:8      | Reached XP level 10. HP: 48/53 MP: 10/12
  6398 | D:8      | Shot with an arrow by a centaur

Illustrated notes

Levels and vault maps discovered:
D:1:      dpeg_arrival_leaves_temple_mockup, layout_rooms, minmay_pentomino_z4
D:2:      layout_basic, minmay_misc_feat_iff
D:3:      layout_rooms
D:4:      cheibrodos_fertilizer, layout_loops_ring, kennysheep_little_box,
          serial_shops, nicolae_shop_bloodbath_and_beyond
D:5:      layout_basic, vehumet_statue, chequers_serial_rivers_micro_d,
          uniq_pikel
D:6:      layout_loops_ring, serial_bayou, serial_bayou_pond_e,
          serial_bayou_ford_a, serial_bayou_crossing, serial_bayou_pond_d,
          chequers_serial_rivers_large_b
D:7:      layout_loops_corners, minmay_temple_entry_butterflies
D:8:      layout_rooms, bloody_trog, enter_bailey_4, uniq_joseph, uniq_erica,
          uniq_grum
Temple:   nicolae_temple_superstar

Skill      XL: |  1  2  3  4  5  6  7  8  9 10 |
---------------+-------------------------------+-----
Ranged Weapons | 5 6 7 8 11 12 15 | 15.5
Invocations    | 1 2 |  2.4
Fighting       | |  2.0
Dodging        | |  2.1
Stealth        | |  1.0

Action                   |  1- 3 |  4- 6 |  7- 9 | 10-12 || total
-------------------------+-------+-------+-------+-------++-------
 Fire: Shortbow          |    78 |   156 |   289 |    14 ||   537
Throw: Throwing net      |       |       |     2 |       ||     2
  Use: Scroll            |     4 |     6 |    11 |       ||    21
       Potion            |       |       |     1 |       ||     1
Armor: Leather armour    |     8 |    24 |    17 |       ||    49
Dodge: Dodged            |    20 |    67 |    62 |     6 ||   155

Table legend: (Time is in decaauts)
 A = Elapsed time spent in this place.
 B = Non-inter-level travel time spent in this place.
 C = Inter-level travel time spent in this place.
 D = Time resting spent in this place.
 E = Time spent auto-exploring this place.
 F = Levels seen in this place.
 G = Mean time per level.
                   A        B        C        D        E       F      G
               +--------+--------+--------+--------+--------+-----+--------+
         Total |   6102 |   5877 |    225 |   1390 |   3560 |   9 |  678.0 |
       Dungeon |   6008 |   5795 |    213 |   1390 |   3494 |   8 |  751.0 |
        Temple |     94 |     82 |     12 |      0 |     65 |   1 |   94.0 |
               +--------+--------+--------+--------+--------+-----+--------+

Top non-repeatable levels by time:
     D:2: 1044 daAuts
     D:5: 1003 daAuts
     D:4: 973 daAuts
     D:7: 956 daAuts
     D:6: 889 daAuts
     D:3: 618 daAuts
     D:1: 464 daAuts
  Temple: 94 daAuts
     D:8: 58 daAuts
